 Dungeon Crawl Stone Soup version 0.31.0-1-g2c135a008e (webtiles) character file.

Game seed: 11100137222424781432

156 qw the Shooter (level 5, 0/40 HPs)
             Began as a Djinni Hunter on Jan 23, 2024.
             Killed by divine providence
             ... invoked by an orc priest
              (10 damage)
             ... on level 3 of the Dungeon.
             The game lasted 00:00:07 (1899 turns).

qw the Shooter (Djinni Hunter)                      Turns: 1899, Time: 00:00:08

Health: 0/40       AC:  8    Str: 10    XL:     5   Next: 64%
Gold:   120        EV: 12    Int: 11    God:
                   SH:  0    Dex: 24

rFire   + + .        a - +0 shortbow
rCold   x . .        (shield currently unavailable)
rNeg    . . .        h - +0 ring mail
rPois   inf          d - +2 helmet
rElec   .            (no cloak)
rCorr   .            (no gloves)
SInv    .            (boots unavailable)
Will    .....        (no amulet)
Stlth   +            e - +6 ring of dexterity
HPRegen 0.26/turn    (no ring)
MPRegen 0.00/turn

%: infuse magic (-1 HP)
@: flying
A: sickness immunity, fire resistance 2, cold vulnerability 1, float, innate
caster, HP casting, extra vitality 1
a: no special abilities


You were on level 3 of the Dungeon.
You visited 1 branch of the dungeon, and saw 3 of its levels.

You collected 120 gold pieces.


Innate Abilities, Weirdness & Mutations

You are immune to sickness and miasma.
You are immune to poison.
Your flesh is very heat resistant. (rF++)
You are vulnerable to cold. (rC-)
You float through the air rather than walking.
You learn spells naturally, not from books.
Your magical power is your life essence.
You have superior vitality. (+4 MHP)


   Skills:
 - Level 3.1 Fighting
 + Level 4.4 Ranged Weapons
 - Level 1.4 Armour
 - Level 3.0 Dodging
 - Level 0.7 Stealth


You knew the following spells:

 Your Spells              Type           Power      Damage    Failure   Level
a - Sandblast             Erth           0%         2d4       65%         1
b - Momentum Strike       Conj/Tloc      0%         3d8       80%         2
Your spell library was empty.

Inventory:

Hand Weapons
 a - a +0 shortbow (weapon)
Armour
 d - a +2 helmet (worn)
 h - a +0 ring mail (worn)
Jewellery
 e - a +6 ring of dexterity (left hand)
Scrolls
 b - 2 scrolls of identify {unknown}
 c - a scroll of vulnerability {unknown}
 f - a scroll of enchant armour
Potions
 g - a potion of heal wounds {unknown}
 i - a potion of magic {unknown}

Dungeon Overview and Level Annotations

Branches:
Dungeon (3/15)

Altars:
Cheibriados


Message History

You shoot an arrow. The arrow hits the orc wizard.
The orc wizard is heavily wounded.
The orc priest calls upon Beogh to heal the orc wizard.
The orc wizard is healed somewhat.
An orc comes into view. It is wielding a +2 heavy morningstar.
You shoot an arrow. The arrow barely misses the orc wizard.
The orc priest calls upon Beogh to heal the orc wizard.
The orc wizard's wounds heal themselves!
The orc priest invokes the aid of Beogh against you.
Beogh smites you!
You shoot an arrow. The arrow barely misses the orc.
The orc hits you with a +2 heavy morningstar!
You shoot an arrow. The arrow hits the orc!
You kill the orc!
You shoot an arrow. The arrow hits the orc wizard!
The orc wizard is severely wounded.
The orc wizard hits you but does no damage.
The orc priest closely misses you. The orc wizard casts a spell at you.
The magic dart hits you.
You shoot an arrow. The arrow barely misses the orc wizard.
The arrow hits the orc priest but does no damage.
The orc wizard casts a spell at you. The magic dart hits you.
The orc priest barely misses you.
You shoot an arrow.
The arrow closely misses the orc wizard.
The arrow hits the orc priest but does no damage.
The orc priest hits you but does no damage.
The orc wizard misses you.
You shoot an arrow. The arrow misses the orc wizard.
The arrow hits the orc priest but does no damage.
The orc wizard gestures wildly while chanting.
The orc wizard flickers and vanishes!
Deactivating autopickup; reactivate with Ctrl-A.
The orc priest closely misses you.
You shoot an arrow. Something hits you but does no damage.
The orc priest barely misses you.
The orc priest mumbles some strange prayers to Beogh against you.
Beogh smites you!
You die...

....##.# ...## ...
...........# #.#......
..........# ....###
......... ...##
....... ..###. .....
:#... .o. .%.## ..##{#
...# #.##@# .#.#
#.##.# .#.# #.##.#
.#.# ### #.##.##
...###.. #.##..#
##.##..######.###.####
##...................#
##.~.~~~~~.~.........#
...~.......~.........#


You could see an orc priest.

Vanquished Creatures
  An orc priest (D:2)
  An orc wizard (D:3)
  3 adders
  A ribbon worm (D:2)
  6 orcs
  5 bats
  7 endoplasms
  A giant cockroach (D:1)
  5 goblins
  7 hobgoblins
  2 quokkas (D:2)
  6 ball pythons
  2 frilled lizards (D:2)
  2 kobolds
  20 rats
69 creatures vanquished.

Notes
Turn   | Place    | Note
-------+----------+-------------------------------------------
     0 | D:1      | qw the Djinni Hunter began the quest for the Orb.
     0 | D:1      | Reached XP level 1. HP: 18/18 MP: 0/0
     0 | D:1      | 0 ||| qw: Version: 0.3-a-136-gdd3b4e8
     0 | D:1      | 0 ||| qw: Game counter: 1161
     0 | D:1      | 0 ||| qw: Melee chars always use a shield: true
     0 | D:1      | 0 ||| qw: God list: Okawaru
     0 | D:1      | 0 ||| qw: Allow faded altars: false
     0 | D:1      | 0 ||| qw: Do Orc after clearing Dungeon:15 true
     0 | D:1      | 0 ||| qw: Do second Lair branch before Depths: true
     0 | D:1      | 0 ||| qw: Lair rune preference: random
     0 | D:1      | 0 ||| qw: Goals: Normal
     0 | D:1      | 0 ||| PLANNING D:1-11
    90 | D:1      | Reached XP level 2. HP: 14/23 MP: 0/0
   212 | D:1      | Found a faded altar of an unknown god.
   680 | D:1      | 680 ||| UPGRADING to +1 helmet.
   685 | D:1      | 685 ||| UPGRADING to +0 ring mail.
   695 | D:1      | 695 ||| DROPPING +0 leather armour.
   696 | D:1      | 696 ||| UPGRADING to +6 ring of dexterity.
   697 | D:1      | 697 ||| READING 2 scrolls labelled VOFYIL IBASIKK.
   697 | D:1      | 697 ||| ENCHANTING +1 helmet.
   698 | D:1      | 698 ||| READING scroll labelled BETUIF VOPLOT.
   701 | D:1      | 701 ||| DROPPING scroll of butterflies.
   775 | D:2      | Reached XP level 3. HP: 28/28 MP: 0/0
   775 | D:2      | Learned a level 1 spell: Sandblast
   806 | D:2      | Reached skill level 1 in Armour
   816 | D:2      | Reached skill level 4 in Ranged Weapons
   883 | D:2      | Reached XP level 4. HP: 27/34 MP: 0/0
  1509 | D:2      | 1509 ||| READING 2 scrolls labelled REIROMM WEJIVI.
  1510 | D:2      | 1510 ||| READING scroll labelled NUKEODW OJIXI.
  1611 | D:2      | 1611 ||| READING scroll labelled PES LIURUIGRE.
  1612 | D:2      | 1612 ||| DROPPING scroll of fog.
  1638 | D:3      | 1638 ||| STAIRDANCE
  1686 | D:3      | 1686 ||| STAIRDANCE
  1702 | D:3      | 1702 ||| STAIRDANCE
  1707 | D:2      | Reached skill level 3 in Fighting
  1714 | D:3      | 1714 ||| STAIRDANCE
  1720 | D:2      | Reached skill level 3 in Dodging
  1720 | D:2      | Reached XP level 5. HP: 37/40 MP: 0/0
  1720 | D:2      | Learned a level 2 spell: Momentum Strike
  1812 | D:3      | Found a snail-covered altar of Cheibriados.
  1896 | D:3      | HP: 9/40 [orc wizard/magic dart (6)]
  1899 | D:3      | Killed from afar by an orc priest

Levels and vault maps discovered:
D:1:      minmay_arrival_floating_metal, layout_loops_ring,
          hellmonk_ecumenical_altar_leap_of_faith
D:2:      wander_river, layout_basic, minmay_rat_hole
D:3:      layout_rooms, ashenzari_conservatory_becter,
          mainiacjoe_overflow_cross_hatched, minmay_cut_off

Skill      XL: |  1  2  3  4 |
---------------+-------------+-----
Armour         | 1 |  1.4
Ranged Weapons | 4 |  4.4
Fighting       | 3 |  3.1
Dodging        | 3 |  3.0
Stealth        | |  0.7

Action                     |  1- 3 |  4- 6 || total
---------------------------+-------+-------++-------
   Fire: Shortbow          |    89 |    87 ||   176
    Use: Scroll            |     2 |     3 ||     5
 Armour: Leather armour    |     6 |       ||     6
         Ring mail         |    45 |    43 ||    88
  Dodge: Dodged            |    72 |    54 ||   126

Table legend:
 A = Non-vault XP
 B = Vault XP
 C = Vault XP percentage of total XP
 D = Non-vault monster count
 E = Vault monster count
 F = Vault count percentage of total count
                 A         B        C        D         E       F
            +---------+---------+-------+---------+---------+-------
      Total |     197 |      26 |  11.7 |      48 |      21 |  30.4
            +---------+---------+-------+---------+---------+-------
        D:1 |      27 |       0 |   0.0 |      15 |       0 |   0.0
        D:2 |     102 |      20 |  16.4 |      22 |      19 |  46.3
        D:3 |      68 |       6 |   8.1 |      11 |       2 |  15.4
            +---------+---------+-------+---------+---------+-------
